 Dungeon Crawl Stone Soup version 0.29-a0-866-g0545e20025 (webtiles) character file.

Game seed: 4460824991224389539

1460 Malachi the Basher (level 8, -2/61 HPs)
             Began as a Ghoul Gladiator on July 17, 2022.
             Slain by Joseph
             ... wielding a +0 quarterstaff
              (10 damage)
             ... while paralysed
             ... on level 7 of the Dungeon.
             The game lasted 00:06:42 (7041 turns).

Malachi the Basher (Ghoul Gladiator)                Turns: 7041, Time: 00:06:43

Health: -2/61      AC: 10    Str: 19 (20) XL:     8   Next: 76%
Magic:  7/7        EV:  2    Int:  0 (3)  God:
Gold:   445        SH:  0    Dex:  8 (10) Spells: 7/7 levels left

rFire   . . .      SeeInvis .   a - +0 flail
rCold   + . .      Faith    .   (no shield)
rNeg    + + +      Spirit   .   z - +0 chain mail
rPois   ∞          Reflect  .   c - +0 helmet
rElec   .          Harm     .   o - scarf {shadows}
rCorr   .          Rampage  .   q - +0 pair of gloves
Will    .....                   (no boots)
Stlth   ..........              (no amulet)
HPRegen 0.00/turn               (no ring)
MPRegen 0.10/turn               (no ring)

@: paralysed, inhibited regen, slowed, lost intelligence, unable to read
A: claws 1, cold resistance 1, negative energy resistance 3, inhibited
regeneration, torment resistance 2, devour on kill
a: no special abilities


You were on level 7 of the Dungeon.
You visited 1 branch of the dungeon, and saw 7 of its levels.

You collected 445 gold pieces.

Inventory:

Hand Weapons
 a - a +0 flail (weapon)
 l - a +0 war axe of flaming
Missiles
 d - a throwing net
 e - 4 javelins (quivered)
Armour
 c - a +0 helmet (worn)
 o - a scarf of shadows (worn)
 q - a +0 pair of gloves (worn)
 z - a +0 chain mail (worn)
Wands
 x - a wand of flame (13)
Scrolls
 g - 4 scrolls of fear
 h - 5 scrolls of teleportation
 j - 2 scrolls of immolation
 p - 3 scrolls of enchant armour
 w - 2 scrolls of magic mapping
Potions
 b - a potion of lignification {unknown}
 f - a potion of mutation {unknown}
 k - a potion of heal wounds {unknown}
 m - 2 potions of degeneration
 r - 2 potions of cancellation {unknown}
 s - 2 potions of attraction {unknown}
 t - 3 potions of curing {unknown}
 u - a potion of ambrosia {unknown}
 v - 2 potions of might {unknown}
 A - a potion of brilliance {unknown}
 B - a potion of resistance {unknown}


   Skills:
 - Level 2.1 Fighting
 * Level 10.1 Maces & Flails
 - Level 1.7 Throwing
 - Level 2.6 Dodging


You had 7 spell levels left.
You didn't know any spells.
Your spell library contained the following spells:

 Spells                   Type           Power      Damage    Failure   Level
 Summon Small Mammal      Summ           0%         N/A       100%        1
 Scorch                   Fire           0%         2d5       100%        2
 Call Canine Familiar     Summ           0%         N/A       100%        3
 Gell's Gravitas          Tloc           0%         N/A       100%        3
 Lesser Beckoning         Tloc           0%         N/A       100%        3
 Summon Guardian Golem    Hex/Summ       0%         N/A       100%        3
 Teleport Other           Tloc           0%         N/A       100%        3
 Flame Wave               Conj/Fire      0%         2d4       100%        4
 Summon Cactus Giant      Summ           0%         N/A       100%        6


Dungeon Overview and Level Annotations

Branches:
Dungeon (7/15)             Temple (0/1) D:4

Altars:
Kikubaaqudgha
Makhleb
Sif Muna
Trog
Uskayaw
Vehumet
Yredelemnul

Annotations:
D:7 Joseph


Innate Abilities, Weirdness & Mutations

You are immune to poison.
You have sharp fingernails.
Your flesh is cold resistant. (rC+)
You are immune to negative energy. (rN+++)
You do not regenerate when monsters are visible.
You are immune to unholy pain and torment.
You thrive by killing the living.


Message History

Joseph shoots a sling bullet.
The sling bullet barely misses your hornet.
The sling bullet completely misses your shadow imp.
The sling bullet hits you!
Your hornet stings Joseph.
Joseph seems to slow down.
Your iguana dissolves into shadows!
Your hornet stings Joseph!
Joseph seems to slow down.
Joseph shoots a sling bullet.
The sling bullet barely misses your hornet.
The sling bullet hits your shadow imp!
Your shadow imp dies!
Your shadow imp dissolves into shadows!
Your hornet stings Joseph!
Joseph seems to slow down.
Your hornet stings Joseph.
Joseph seems to slow down.
Your hornet dissolves into shadows!
Joseph shoots a sling bullet.
The sling bullet hits you.
Joseph unwields a +0 vorpal sling.
Joseph wields a +0 quarterstaff.
Joseph barely misses you.
You hit Joseph but do no damage.
Joseph is severely wounded.
You hit Joseph.
Joseph is severely wounded.
Joseph is no longer moving slowly.
Joseph hits you with a +0 quarterstaff.
You hit Joseph.
Joseph is severely wounded.
Joseph barely misses you.
You hit Joseph but do no damage.
Joseph is severely wounded.
Joseph hits you with a +0 quarterstaff!
* * * LOW HITPOINT WARNING * * *
You hit Joseph.
Joseph is severely wounded.
Joseph hits you with a +0 quarterstaff.
* * * LOW HITPOINT WARNING * * *
It was a potion of degeneration.
There was something very wrong with that liquid.
You feel weakened.
You feel dopey.
You have lost your intelligence.
You feel clumsy. Joseph hits you with a +0 quarterstaff!
You die...

#...# ##.#.# #...
##.## #.#.# #.##
#.# #.#.# #.# #.#
#.#.# #.# #.#
#.#.# #.##
###.###
#.#.###...
#.....#
#.#.<.....
##...).########
..########
.............@.#
####.....######@#
#.....# #o#
###...# #.# ###.#
... #.# o@... #.#
5o#.#.# #..#.#.#
#..#.#.#


You could see Joseph and an orc.

Vanquished Creatures
  A phantom (D:5)
  A bullfrog (D:7)
  4 killer bees (D:7)
  An electric eel (D:6)
  3 jellies
  2 orc priests (D:5)
  2 hounds (D:5)
  6 iguanas
  An orc wizard (D:5)
  4 gnolls (D:5)
  8 adders
  An ufetubus (D:5)
  2 worms
  2 dart slugs
  9 orcs
  9 ball pythons
  10 bats
  6 endoplasms
  4 giant cockroaches
  6 goblins
  4 hobgoblins
  2 jackals (D:3)
  6 quokkas
  2 frilled lizards (D:2)
  9 kobolds
  5 rats
110 creatures vanquished.

Vanquished Creatures (collateral kills)
  Pikel (D:7)
  A howler monkey (D:7)
  2 orcs (D:7)
4 creatures vanquished.

Grand Total: 114 creatures vanquished

Notes
Turn   | Place    | Note
-------+----------+-------------------------------------------
     0 | D:1      | Malachi the Ghoul Gladiator began the quest for the Orb.
     0 | D:1      | Reached XP level 1. HP: 17/17 MP: 0/0
    87 | D:1      | Reached skill level 3 in Maces & Flails
   104 | D:1      | Reached XP level 2. HP: 24/24 MP: 1/1
   691 | D:1      | Reached XP level 3. HP: 16/29 MP: 2/2
   693 | D:1      | Found a faded altar of an unknown god.
  1197 | D:2      | Reached skill level 4 in Maces & Flails
  1292 | D:2      | Reached XP level 4. HP: 36/36 MP: 3/3
  2189 | D:2      | Found a bloodstained altar of Trog.
  2580 | D:3      | Reached skill level 5 in Maces & Flails
  2580 | D:3      | Reached XP level 5. HP: 41/41 MP: 4/4
  3761 | D:4      | Found a basalt altar of Yredelemnul.
  3781 | D:4      | Found a burning altar of Makhleb.
  3818 | D:4      | Reached XP level 6. HP: 47/48 MP: 5/5
  3858 | D:4      | Found a staircase to the Ecumenical Temple.
  3884 | D:4      | Found a hide-covered altar of Uskayaw.
  4072 | D:5      | Entered Level 5 of the Dungeon
  4082 | D:5      | Reached skill level 6 in Maces & Flails
  4711 | D:5      | Reached skill level 7 in Maces & Flails
  4711 | D:5      | Reached XP level 7. HP: 53/55 MP: 6/6
  5966 | D:6      | Found a radiant altar of Vehumet.
  5967 | D:6      | Found an ancient bone altar of Kikubaaqudgha.
  5969 | D:6      | Found a shimmering blue altar of Sif Muna.
  6412 | D:6      | Reached skill level 8 in Maces & Flails
  6721 | D:7      | Reached XP level 8. HP: 16/61 MP: 7/7
  6989 | D:7      | Noticed Pikel
  7008 | D:7      | Killed Pikel
  7009 | D:7      | Reached skill level 10 in Maces & Flails
  7021 | D:7      | Noticed Joseph
  7041 | D:7      | Lost intelligence.
  7041 | D:7      | Slain by Joseph

Illustrated notes

Levels and vault maps discovered:
D:1:      matt_arrival_spirals, layout_basic,
          hellmonk_ecumenical_altar_crossroads
D:2:      layout_loops_cross, basic_altar, minmay_small_reverse_x
D:3:      layout_basic
D:4:      layout_rooms, nicolae_uskayaw_murder_on_the_dancefloor,
          mainiacjoe_overflow_surrounded_room,
          mainiacjoe_overflow_cross_hatched,
          minmay_temple_entry_drinking_statues
D:5:      layout_basic
D:6:      layout_gridville, grunt_temple_overflow_magic_moments,
          chequers_serial_rivers_small_a, hangedman_decor_riveting,
          kennysheep_nondescript, serial_bayou_ford_a, mrwooster_statue_mirror
D:7:      layout_loops_ring, uniq_pikel, uniq_maggie, uniq_joseph

Skill      XL: |  1  2  3  4  5  6  7  8 |
---------------+-------------------------+-----
Maces & Flails | 3 4 5 7 8 10 | 10.1
Fighting       | |  2.1
Throwing       | |  1.7
Dodging        | |  2.6

Action                   |  1- 3 |  4- 6 |  7- 9 || total
-------------------------+-------+-------+-------++-------
Melee: Flail             |   103 |   230 |    74 ||   407
       Punch             |     1 |       |     2 ||     3
Throw: Throwing net      |       |     3 |     1 ||     4
       Javelin           |       |       |     2 ||     2
Evoke: Wand              |       |     3 |     4 ||     7
  Use: Scroll            |       |       |    11 ||    11
       Potion            |       |       |     1 ||     1
 Stab: Held in net/web   |       |       |     1 ||     1
Armor: Leather armour    |    54 |    31 |       ||    85
       Ring mail         |       |    67 |       ||    67
       Chain mail        |       |       |    30 ||    30
Dodge: Dodged            |   109 |   175 |    32 ||   316

Table legend: (Time is in decaauts)
 A = Elapsed time spent in this place.
 B = Non-inter-level travel time spent in this place.
 C = Inter-level travel time spent in this place.
 D = Time resting spent in this place.
 E = Time spent auto-exploring this place.
 F = Levels seen in this place.
 G = Mean time per level.
                   A        B        C        D        E       F      G
               +--------+--------+--------+--------+--------+-----+--------+
         Total |   7104 |   6762 |    342 |    596 |   5121 |   7 | 1014.9 |
       Dungeon |   7104 |   6762 |    342 |    596 |   5121 |   7 | 1014.9 |
               +--------+--------+--------+--------+--------+-----+--------+

Top non-repeatable levels by time:
     D:5: 1754 daAuts
     D:2: 1392 daAuts
     D:1: 1162 daAuts
     D:3: 921 daAuts
     D:6: 808 daAuts
     D:4: 646 daAuts
     D:7: 418 daAuts
